 Dungeon Crawl Stone Soup version 0.18-a0-946-g3ac5b32 (webtiles) character file.

235 4thArraOfDagon the Grave Robber (level 5, -1/37 HPs)
             Began as a Mummy Necromancer on Dec 29, 2015.
             Killed by divine providence
             ... invoked by an orc priest
              (11 damage)
             ... on level 4 of the Dungeon.
             The game lasted 00:07:44 (1287 turns).

4thArraOfDagon the Grave Robber (Mummy Necromancer) Turns: 1287, Time: 00:07:45

Health: -1/37      AC:  3    Str: 11    XL:     5   Next: 76%
Magic:  4/9        EV:  7    Int: 14    God:
Gold:   99         SH:  0    Dex: 14    Spells: 3 memorised, 5 levels left

rFire  . . .     SeeInvis .     g - +0 short sword (venom)
rCold  + . .     Gourm    .     a - +0 robe
rNeg   + + +     Faith    .     (no shield)
rPois  ∞         Spirit   .     (no helmet)
rElec  .         Dismiss  .     d - +0 cloak
rCorr  .         Reflect  .     (no gloves)
SustAt .         Harm     .     (no boots)
MR     .....                    (no amulet)
Stlth  ++........               l - +2 ring of slaying
                                h - ring of protection from fire

@: not resistant to hostile enchantments, unstealthy
A: no food or potions, fire vulnerability, cold resistance 1, negative energy
resistance 3, torment resistance, unbreathing
a: no special abilities


You were on level 4 of the Dungeon.
You were not hungry.

You visited 1 branch of the dungeon, and saw 5 of its levels.

You collected 99 gold pieces.

Inventory:

Hand Weapons
 g - a +0 short sword of venom (weapon)
Missiles
 j - 13 stones (quivered)
Armour
 a - a +0 robe (worn)
 d - a +0 cloak (worn)
Jewellery
 h - a ring of protection from fire (left hand)
 l - a +2 ring of slaying (right hand)
Scrolls
 c - 2 scrolls of enchant armour {unknown}
 e - a scroll of recharging {unknown}
 f - a scroll of enchant weapon {unknown}
 i - a scroll of remove curse {unknown}
 k - a scroll of immolation
 m - a scroll of fog
 n - 2 scrolls of teleportation
Books
 b - a book of Necromancy

   Spells                             Type                      Level
   a - Pain                           Necromancy                   1
   b - Animate Skeleton               Necromancy                   1
   c - Vampiric Draining              Necromancy                   3
   d - Regeneration                   Charms/Necromancy            3
   e - Animate Dead                   Necromancy                   4
   f - Control Undead                 Necromancy                   4


   Skills:
 + Level 1.6 Fighting
 - Level 1.5 Dodging
 - Level 1.5 Stealth
 - Level 3.0 Spellcasting
 * Level 6.2 Necromancy


You had 5 spell levels left.
You knew the following spells:

 Your Spells              Type           Power        Failure   Level  Hunger
a - Pain                  Necr           ###.         1%          1    N/A
b - Vampiric Draining     Necr           ###.......   6%          3    N/A
c - Animate Skeleton      Necr           N/A          1%          1    N/A

Dungeon Overview and Level Annotations

Branches:
Dungeon (5/15)
 Temple: D:4-7

Altars:

Annotations:
D:4 herpmino's ghost, weakling DsGl


Innate Abilities, Weirdness & Mutations

You do not eat or drink.
Your flesh is vulnerable to fire.
You are immune to poison.
Your flesh is cold resistant.
You are immune to negative energy.
You are immune to unholy pain and torment.
You can survive without breathing.


Message History

Unknown command.
There is a stone staircase leading up here.
You climb upwards.
Level annotation: herpmino's ghost, weakling DsGl The orc wizard shouts! 2 orc priests and an orc wizard come into view.
The orc priest shouts! x2
The orc priest invokes the aid of Beogh against you.
You are unaffected.
Found a scroll of identify.
There is a stone staircase leading down here.
Unknown command.
Unknown command.
The orc priest barely misses you.
The orc wizard gestures at you while chanting.
The puff of flame hits you!
* * * LOW HITPOINT WARNING * * *
The orc priest calls down the wrath of Beogh upon you.
Something smites you!
You die...

#.....'..........#
##...##..........##+
### ###'#.........
..#.........
...#.........
######..##.........
##...##..###+##+##..
#........# ..
#..@.....+ .
#..o.....#
##.o.##### #.o.#
?o..# #....+ ##...#
#...#


You could see 2 orc priests and 2 orc wizards.

Vanquished Creatures
  A centaur (D:5)
  3 orc wizards (D:4)
  An adder (D:2)
  An adder skeleton (D:5)
  2 giant geckos
  15 orcs
  2 ball pythons (D:3)
  3 hobgoblins
  3 jackals (D:4)
  8 kobolds
  A giant cockroach (D:1)
  A giant newt (D:2)
  3 rats
44 creatures vanquished.

Notes
Turn   | Place    | Note
--------------------------------------------------------------
     0 | D:1      | 4thArraOfDagon the Mummy Necromancer began the quest for the Orb.
     0 | D:1      | Reached XP level 1. HP: 13/13 MP: 3/3
     0 | D:1      | 4thArraOfDagon: maybe this will be better
    55 | D:2      | Reached XP level 2. HP: 19/19 MP: 0/5
    63 | D:2      | st0uf: cant be worst i think
   623 | D:4      | Reached XP level 3. HP: 24/24 MP: 3/6
   641 | D:4      | Learned a level 3 spell: Vampiric Draining
   801 | D:4      | Reached skill level 5 in Necromancy
   801 | D:4      | Reached XP level 4. HP: 17/30 MP: 3/8
  1036 | D:4      | Reached XP level 5. HP: 23/36 MP: 1/9
  1078 | D:3      | st0uf: door battle
  1146 | D:4      | Noticed herpmino's ghost (weakling DsGl)
  1195 | D:5      | Entered Level 5 of the Dungeon
  1225 | D:5      | Learned a level 1 spell: Animate Skeleton
  1259 | D:5      | Noticed a centaur
  1275 | D:5      | Killed a centaur
  1275 | D:5      | Reached skill level 1 in Fighting
  1275 | D:5      | Reached skill level 6 in Necromancy
  1287 | D:4      | Killed from afar by an orc priest

Vault maps used:
D:1:      minmay_arrival_jagged, kennysheep_boxes
D:2:      wad_lake_hut, nicolae_overflow_hidden_temple, first_bread
D:3:      kiku_gazebo_garden_becter
D:4:      nicolae_overflow_crystal_walls, trog_butcher_becter
D:5:      st_stairs_11, kennysheep_okawaru_gauntlet

Action                   |  1- 3 |  4- 6 || total
-------------------------+-------+-------++-------
Melee: Short sword       |    28 |    27 ||    55
Throw: Stone             |     2 |       ||     2
 Cast: Pain              |    27 |    14 ||    41
       Vampiric Draining |       |     8 ||     8
  Use: Scroll            |     3 |       ||     3
 Stab: Sleeping          |     2 |     4 ||     6
